 Dungeon Crawl Stone Soup version 0.28.0-45-g0d030f2227 (webtiles) character file.

Game seed: 15700881571570663553

2311 pkoi the Archer (level 8, -4/60 HPs)
             Began as a Demigod Hunter on Apr 22, 2022.
             Slain by a killer bee (6 damage)
             ... on level 7 of the Dungeon.
             The game lasted 00:14:24 (12322 turns).

pkoi the Archer (Demigod Hunter)                   Turns: 12322, Time: 00:14:24

Health: -4/60      AC: 13    Str: 13    XL:     8   Next: 98%
Magic:  15/15      EV:  6    Int: 21    God:
Gold:   324        SH:  0    Dex: 14    Spells: 10/12 levels left

rFire   . . .      SeeInvis .   a - +3 shortbow (flame)
rCold   . . .      Faith    .   (shield currently unavailable)
rNeg    . . .      Spirit   .   q - +0 chain mail
rPois   .          Reflect  .   (no helmet)
rElec   .          Harm     .   r - scarf {repulsion}
rCorr   .          Rampage  .   B - +0 pair of gloves
Will    .....                   E - +1 pair of boots
Stlth   ..........              (no amulet)
HPRegen 0.20/turn               (no ring)
MPRegen 0.14/turn               (no ring)

@: lethally poisoned (-4 -> -14), repel missiles
A: high MP 1, forlorn, divine attributes
a: no special abilities


You were on level 7 of the Dungeon.
You visited 1 branch of the dungeon, and saw 7 of its levels.

You collected 444 gold pieces.
You spent 120 gold pieces at shops.

Inventory:

Hand Weapons
 a - a +3 shortbow of flaming (weapon)
 b - a +2 spectral club
 f - a +0 short sword
 g - a +2 dagger of distortion
 h - a +1 shortbow
 n - a +0 whip
 p - a +1 spear of freezing
Missiles
 d - 142 arrows (quivered ammo)
 y - 3 throwing nets
Armour
 c - a +0 leather armour
 i - a +0 ring mail
 q - a +0 chain mail (worn)
 r - a scarf of repulsion (worn)
 A - a +0 robe
 B - a +0 pair of gloves (worn)
 E - a +1 pair of boots (worn)
 G - a +0 plate armour
Wands
 o - a wand of paralysis (6)
 t - a wand of digging (7)
Scrolls
 e - a scroll of fear
 k - a scroll of blinking
 m - a scroll of magic mapping
 u - a scroll of teleportation
 x - a scroll of acquirement
 C - a scroll of enchant armour
 F - 2 scrolls of identify
Potions
 j - a potion of degeneration {unknown}
 l - 2 potions of brilliance
 s - 2 potions of curing
 v - a potion of ambrosia {unknown}
 w - 2 potions of heal wounds
 z - 2 potions of haste
 D - a potion of magic


   Skills:
 - Level 1.7 Fighting
 * Level 8.5 Bows
 + Level 4.6 Armour
 - Level 1.7 Dodging
 - Level 0.8 Stealth
 - Level 3.0 Unarmed Combat
 - Level 2.6 Spellcasting
 - Level 3.0 Air Magic
 - Level 3.0 Poison Magic


You had 10 spell levels left.
You knew the following spells:

 Your Spells              Type           Power      Damage    Failure   Level
a - Poisonous Vapours     Pois/Air       30%        N/A       83%         2

Your spell library contained the following spells:

 Spells                   Type           Power      Damage    Failure   Level
 Sting                    Tmut/Pois      36%        1d4       88%         1
 Sublimation of Blood     Necr           2%         N/A       99%         2
 Wereblood                Tmut           2%         N/A       99%         2
 Gell's Gravitas          Tloc           2%         N/A       100%        3
 Ozocubu's Armour         Ice            2%         N/A       100%        3
 Teleport Other           Tloc           2%         N/A       100%        3
 Olgreb's Toxic Radiance  Pois           15%        N/A       100%        4
 Dispersal                Tloc           1%         N/A       100%        6
 Ozocubu's Refrigeration  Ice            1%         4d5       100%        7
 Summon Hydra             Summ           1%         N/A       100%        7


Dungeon Overview and Level Annotations

Branches:
Dungeon (7/15)             Temple (0/1) D:5

Shops:
D:5 !   D:6 [

Annotations:
D:7 Joseph


Innate Abilities, Weirdness & Mutations

You have an increased reservoir of magic. (+10% MP)
You shall have no god before yourself.
Your divine heritage dramatically boosts your attributes as you level up.


Message History

You kill the howler monkey!
Joseph shoots a sling bullet.
The sling bullet hits you!
* * * LOW HITPOINT WARNING * * *
A killer bee comes into view.
The killer bee buzzes angrily.
A killer bee comes into view.
The killer bee barely misses you.
Joseph shoots a sling bullet.
The sling bullet barely misses you. The killer bee stings you.
* * * LOW HITPOINT WARNING * * *
The killer bee stings you.
* * * LOW HITPOINT WARNING * * *
You are poisoned.
The killer bee poisons you!
You feel sick.
The killer bee stings you but does no damage. x2
Joseph shoots a sling bullet.
The sling bullet hits you.
* * * LOW HITPOINT WARNING * * *
You feel sick. The killer bee barely misses you. The killer bee stings you.
* * * LOW HITPOINT WARNING * * *
You are more poisoned.
The killer bee poisons you! The killer bee stings you.
* * * LOW HITPOINT WARNING * * *
You are more poisoned.
The killer bee poisons you!
The killer bee stings you but does no damage.
Joseph shoots a sling bullet.
The sling bullet hits you.
* * * LOW HITPOINT WARNING * * *
The killer bee stings you but does no damage.
There is a stone staircase leading up here.
Unknown command.
Unknown command.
* * * LOW HITPOINT WARNING * * *
You feel very sick. The killer bee stings you.
* * * LOW HITPOINT WARNING * * *
The killer bee stings you.
* * * LOW HITPOINT WARNING * * *
The killer bee stings you.
You die...

.## #.......#..##
.......#. ##....(......#
.........##.....(.......
........<.##............
........................
....... #.............@.
.......##...............
........###...yy..##....
.............)y@........
......##.......#........
..... ##.....##........
#... ........#...##...
... ............(. ...
.. ..!........#..#. .# .
.....#.#...#####.
....##.....# ##


You could see Joseph and 3 killer bees.

Vanquished Creatures
  A centaur zombie (D:6)
  2 steam dragons (D:6)
  An ice beast (D:5)
  3 ogres
  3 centaurs
  A kobold brigand (D:6)
  A bullfrog (D:6)
  2 scorpions
  A wyvern zombie (D:5)
  A wight (D:5)
  A howler monkey (D:7)
  A bullfrog zombie (D:6)
  3 hounds (D:5)
  2 jellies
  A gnoll shaman (D:2)
  A centaur skeleton (D:5)
  4 iguanas
  An orc wizard (D:5)
  Ijyb (D:3)
  A hound zombie (D:5)
  Robin (D:3)
  A howler monkey skeleton (D:3)
  7 adders
  7 gnolls
  3 shadow imps
  2 white imps (D:6)
  An adder zombie (D:5)
  3 worms (D:3)
  2 dart slugs
  5 orcs
  6 bats
  8 endoplasms
  5 giant cockroaches
  16 goblins
  13 hobgoblins
  11 kobolds
  4 quokkas
  6 ball pythons
  6 frilled lizards
  7 rats
146 creatures vanquished.

Notes
Turn   | Place    | Note
-------+----------+-------------------------------------------
     0 | D:1      | pkoi the Demigod Hunter began the quest for the Orb.
     0 | D:1      | Reached XP level 1. HP: 17/17 MP: 3/3
   341 | D:1      | Reached XP level 2. HP: 20/24 MP: 4/4
   343 | D:1      | Reached skill level 4 in Bows
   609 | D:1      | Reached skill level 1 in Unarmed Combat
  1435 | D:2      | Reached XP level 3. HP: 29/29 MP: 5/5
  1438 | D:2      | Learned a level 2 spell: Poisonous Vapours
  2831 | D:2      | Reached XP level 4. HP: 27/36 MP: 5/7
  3272 | D:2      | Reached skill level 1 in Air Magic
  3272 | D:2      | Reached skill level 1 in Poison Magic
  3802 | D:3      | Reached skill level 1 in Spellcasting
  3813 | D:3      | Noticed Ijyb
  3814 | D:3      | Paralysed by Ijyb for 3 turns
  3819 | D:3      | Paralysed by Ijyb for 7 turns
  3831 | D:3      | Killed Ijyb
  3832 | D:3      | Reached XP level 5. HP: 23/41 MP: 9/9
  4424 | D:3      | Noticed Robin
  4427 | D:3      | Reached skill level 5 in Bows
  4429 | D:3      | Killed Robin
  5172 | D:4      | Noticed an ogre
  5177 | D:4      | Killed an ogre
  5178 | D:4      | Reached skill level 1 in Armour
  5178 | D:4      | Reached XP level 6. HP: 43/48 MP: 9/11
  6351 | D:5      | Entered Level 5 of the Dungeon
  7272 | D:5      | Found Jaamasau's Distillery.
  7284 | D:5      | Bought a potion of haste for 120 gold pieces
  7852 | D:5      | Reached XP level 7. HP: 38/53 MP: 13/13
  8432 | D:5      | Reached skill level 6 in Bows
  9772 | D:6      | Reached XP level 8. HP: 22/60 MP: 15/15
 10721 | D:6      | Reached skill level 7 in Bows
 11004 | D:6      | Identified a scroll of acquirement
 11219 | D:6      | Found Voejifua's Antique Armour Shoppe.
 11242 | D:6      | Reached skill level 8 in Bows
 12314 | D:7      | Noticed Joseph
 12322 | D:7      | HP: 2/60 [killer bee (3)]
 12322 | D:7      | Slain by a killer bee

Illustrated notes

Levels and vault maps discovered:
D:1:      dpeg_arrival_oval, layout_loops_corners, minmay_close_crescents
D:2:      wad_crossroads, layout_loops_ring, serial_rivers,
          chequers_serial_rivers_room_b, chequers_serial_rivers_small_3,
          chequers_serial_rivers_micro_b, chequers_serial_rivers_large_b,
          chequers_serial_rivers_micro_d
D:3:      layout_loops_ring, hellmonk_ecumenical_altar_prayer_group,
          minmay_randomly_rotated_circles, uniq_robin, uniq_ijyb
D:4:      layout_cave_pools, kennysheep_another_room
D:5:      layout_loops_ring, minmay_temple_entry_from_below_a, serial_shops,
          nicolae_stop_n_shop_2, minmay_divided_ellipse
D:6:      layout_basic, serial_shops, shop
D:7:      layout_cave_pools, minmay_crystal_room, uniq_menkaure, uniq_joseph,
          uniq_pikel

Skill      XL: |  1  2  3  4  5  6  7  8 |
---------------+-------------------------+-----
Bows           | 4 5 6 8 |  8.5
Unarmed Combat | 1 2 3 |  3.0
Air Magic      | 1 2 3 |  3.0
Poison Magic   | 1 2 3 |  3.0
Spellcasting   | 1 2 |  2.6
Armour         | 1 2 4 |  4.6
Fighting       | |  1.7
Dodging        | |  1.7
Stealth        | |  0.8

Action                   |  1- 3 |  4- 6 |  7- 9 || total
-------------------------+-------+-------+-------++-------
Melee: Whip              |   167 |       |       ||   167
       Spear             |       |    50 |       ||    50
       Punch             |       |     3 |     1 ||     4
       Club              |       |    93 |     8 ||   101
 Fire: Shortbow          |    16 |    55 |   185 ||   256
  Use: Scroll            |       |    13 |     2 ||    15
 Stab: Distracted        |       |     1 |       ||     1
Armor: Leather armour    |     6 |       |       ||     6
       Ring mail         |    49 |    16 |       ||    65
       Chain mail        |       |    67 |    97 ||   164
Dodge: Dodged            |   103 |    87 |    45 ||   235
       Repelled          |       |       |     1 ||     1
